 Dungeon Crawl Stone Soup version 0.16-a0-3496-g6490362 (webtiles) character file.

2663 Charly the Cleaver (level 9, -4/69 HPs)
             Began as a Vine Stalker Berserker on Jan 5, 2015.
             Was a Believer of Trog.
             Slain by an orc warrior
             ... wielding a +0 long sword
              (16 damage)
             ... on level 9 of the Dungeon.
             The game lasted 00:29:14 (2006 turns).

Charly the Cleaver (Vine Stalker Berserker)         Turns: 2006, Time: 00:29:14

Health: -4/69      AC:  3    Str: 26    XL:     9   Next: 63%
Magic:  0/21       EV: 14    Int:  7    God:    Trog [**....]
Gold:   263        SH:  0    Dex: 16    Spells: 0 memorised, 8 levels left

rFire  . . .     SeeInvis +     a - +0 hand axe
rCold  . . .     Clarity  .     b - +0 animal skin
rNeg   . . .     SustAb   .     (no shield)
rPois  .         Gourm    .     (no helmet)
rElec  .         Spirit   +     (no cloak)
rCorr  .         Warding  .     (no gloves)
rMut   +         Stasis   .     h - +0 pair of boots
MR     +++..                    l - amulet of resist mutation
Stlth  ..........               v - ring of see invisible
                                w - ring of magical power

@: berserking, regenerating, very quick, extremely resistant to hostile
enchantments, extremely unstealthy
A: fangs 3, regeneration 2, magic shield, antimagic bite, no device heal 3, rot
immunity
a: Burn Spellbooks, Berserk, Trog's Hand, Renounce Religion


You were on level 9 of the Dungeon.
You worshipped Trog.
Trog was pleased with you.
You were not hungry.

You visited 1 branch of the dungeon, and saw 9 of its levels.
You also visited: Ossuary.

You collected 263 gold pieces.

Inventory:

Hand weapons
 a - a +0 hand axe (weapon)
Armour
 b - a +0 animal skin (worn)
 h - a +0 pair of boots (worn)
Jewellery
 l - an amulet of resist mutation (around neck)
 r - an uncursed ring of fire
 v - a ring of see invisible (right hand)
 w - a ring of magical power (left hand)
Magical devices
 j - a wand of digging (2)
Scrolls
 e - 3 scrolls of blinking
 f - a scroll of random uselessness {unknown}
 g - a scroll of recharging {unknown}
 k - a scroll of remove curse
 m - a scroll of enchant weapon {unknown}
 t - a scroll of enchant armour {unknown}
 x - 3 scrolls of fear {unknown}
Potions
 c - 2 potions of agility
 d - 6 potions of curing
 o - 2 potions of brilliance
 p - a potion of restore abilities {unknown}
 u - a potion of flight {unknown}
Books
 q - a book of Minor Magic

   Spells                             Type                      Level
   a - Magic Dart                     Conjuration                  1
   b - Blink                          Translocation                2
   c - Call Imp                       Summoning                    2
   d - Repel Missiles                 Charms/Air                   2
   e - Slow                           Hexes                        2
   f - Conjure Flame                  Conjuration/Fire             3
   g - Mephitic Cloud                 Conjuration/Poison/Air       3
   Trog disapproves of the use of such an item.
Comestibles
 i - 2 beef jerkies
 n - a bread ration
 s - 2 meat rations


   Skills:
 + Level 4.8 Fighting
 * Level 10.6 Axes
 - Level 1.5 Armour
 + Level 3.8 Dodging


You had 8 spell levels left.
You didn't know any spells.

Dungeon Overview and Level Annotations

Branches:
Dungeon (9/15)             Temple (0/1) D:6            Lair (0/8) D:8
    Orc: D:9-12

Altars:
Elyvilon
Kikubaaqudgha
Nemelex Xobeh
Okawaru
Zin


Innate Abilities, Weirdness & Mutations

You have razor-sharp teeth.
You heal very quickly.
When hurt, damage is shared between your health and your magic reserves.
Your bite disrupts and absorbs the magic of your enemies.
Potions and wands cannot restore your health.
You are immune to rotting.


Message History

The orc warrior is severely wounded.
The orc warrior hits you with a long sword!!
* * * LOW HITPOINT WARNING * * *
You feel the effects of Trog's Hand fading.
Your skin stops crawling.
You feel less resistant to hostile enchantments.
Use which ability? (? or * to list)
Your skin crawls.
You feel resistant to hostile enchantments.
You feel slightly more hungry.
You hit the orc warrior.
The orc warrior is almost dead.
The orc warrior hits you with a long sword!
* * * LOW HITPOINT WARNING * * *
Use which ability? (? or * to list)
A red film seems to cover your vision as you go berserk!
You feel yourself moving faster!
You feel mighty!
You feel somewhat more hungry. The orc closely misses you.
The orc warrior hits you with a long sword!
You die...

#......# #.#
#.....## #.##
##....#.# ##.#
###.....#.## #.#
###......##..#
#.#
#...####.....##
#.# ...##
###....### ###.##
####
#####..#####....#
# ##.@....#...#
#.o...####..#
#...o.# ##.#
#..#..# ##
#..##..#
#.####.## #..
#..# ... ##.# ...
##.##


You could see an orc warrior and an orc.

Vanquished Creatures
  The ghost of miro the Covered, an average GrFi (D:3)
  A water moccasin (D:8)
  2 orc warriors (D:8)
  A sky beast (D:8)
  A centaur (D:8)
  2 ogres (D:4)
  A phantom (D:6)
  Sigmund (D:6)
  8 big kobolds (D:8)
  An elf zombie (Ossuary)
  2 giant frogs
  2 scorpions (D:6)
  4 killer bees (D:7)
  A goliath beetle (D:8)
  2 crimson imps
  A jelly (D:8)
  4 human zombies (Ossuary)
  An orc priest (D:8)
  A giant frog skeleton (D:6)
  A hound (D:8)
  A centaur skeleton (D:6)
  A centaur zombie (Ossuary)
  An orc wizard (D:8)
  An iguana (D:4)
  3 worker ants
  A big kobold zombie (Ossuary)
  3 mummies
  3 gnolls (D:8)
  2 adders
  A giant mite (D:6)
  A shadow imp (D:8)
  An adder zombie (Ossuary)
  11 orcs
  A bat zombie (D:6)
  4 giant cockroaches
  2 hobgoblins
  4 jackals (D:4)
  5 bats
  A giant newt (D:4)
  3 goblins
  3 goblin zombies
  14 hobgoblin zombies
  2 jackal zombies (Ossuary)
  14 kobolds
  6 kobold zombies (Ossuary)
  8 orc zombies
  3 rats
138 creatures vanquished.

Notes
Turn   | Place    | Note
--------------------------------------------------------------
     0 | D:1      | Charly, the Vine Stalker Berserker, began the quest for the Orb.
     0 | D:1      | Reached XP level 1. HP: 11/11 MP: 1/1
    73 | D:2      | Reached skill level 3 in Axes
   125 | D:2      | Found an iron altar of Okawaru.
   149 | D:2      | Reached XP level 2. HP: 11/16 MP: 3/3
   335 | D:3      | Noticed miro's ghost (average GrFi)
   344 | D:3      | HP: 1/24 [miro's ghost (7)]
   345 | D:3      | Killed miro's ghost
   345 | D:3      | Reached skill level 5 in Axes
   345 | D:3      | Reached XP level 3. HP: 1/19 MP: 2/4
   345 | D:3      | Reached XP level 4. HP: 1/23 MP: 2/5
   345 | D:3      | Reached XP level 5. HP: 1/27 MP: 2/7
   395 | D:4      | Acquired Trog's second power
   473 | D:4      | Noticed an ogre
   564 | D:4      | Noticed an ogre
   571 | D:4      | Killed an ogre
   571 | D:4      | Reached skill level 6 in Axes
   571 | D:4      | Gained mutation: You heal very quickly. [vine stalker growth]
   571 | D:4      | Reached XP level 6. HP: 32/32 MP: 8/8
   619 | D:4      | Killed an ogre
   637 | D:4      | Found a sand-covered staircase.
   653 | Ossuary  | Entered an ossuary
   723 | Ossuary  | Reached skill level 7 in Axes
   723 | Ossuary  | Reached XP level 7. HP: 35/35 MP: 9/9
   918 | D:5      | Entered Level 5 of the Dungeon
   974 | D:5      | Reached skill level 8 in Axes
  1001 | D:6      | Found a staircase to the Ecumenical Temple.
  1115 | D:6      | Noticed Sigmund
  1144 | D:6      | Killed Sigmund
  1144 | D:6      | Gained mutation: You have razor-sharp teeth. [vine stalker growth]
  1144 | D:6      | Reached XP level 8. HP: 21/39 MP: 7/11
  1236 | D:6      | Reached skill level 9 in Axes
  1404 | D:8      | Found an ancient bone altar of Kikubaaqudgha.
  1482 | D:8      | Reached XP level 9. HP: 23/45 MP: 12/12
  1493 | D:8      | Reached skill level 10 in Axes
  1600 | D:8      | Found a sparkling altar of Nemelex Xobeh.
  1651 | D:8      | Found a white marble altar of Elyvilon.
  1711 | D:8      | Found a staircase to the Lair.
  1868 | D:8      | Found a glowing silver altar of Zin.
  1994 | D:9      | HP: 1/46 [orc warrior/long sword (15)]
  2006 | D:9      | Slain by an orc warrior

Action                   |  1- 3 |  4- 6 |  7- 9 || total
-------------------------+-------+-------+-------++-------
Melee: Hand axe          |    50 |    71 |   399 ||   520
Invok: Berserk           |     1 |     4 |     4 ||     9
       Trog's Hand       |       |     1 |     6 ||     7
       Burn Spellbooks   |       |       |     1 ||     1
Evoke: Wand              |       |       |     1 ||     1
  Use: Scroll            |       |     3 |     5 ||     8
       Potion            |       |       |     1 ||     1
 Stab: Sleeping          |     1 |     1 |     1 ||     3
       Distracted        |       |       |     1 ||     1
  Eat: Bread ration      |       |     1 |       ||     1
       Chunk             |       |       |     2 ||     2
       Meat ration       |       |       |     2 ||     2
